 Dungeon Crawl Stone Soup version 0.26-a0-597-gb535b0901c (webtiles) character file.

Game seed: 13781851709752686429

150997 Lugonue the Eclecticist (level 17, -5/128 HPs)
             Began as a Pale Draconian Venom Mage on Sept 10, 2020.
             Was an Initiate of Gozag.
             Shot with an arrow by a satyr (24 damage)
             ... on level 3 of the Shoals.
             The game lasted 01:55:23 (46582 turns).

Lugonue the Eclecticist (DrVM)                     Turns: 46582, Time: 01:55:23

Health: -5/128     AC: 15    Str: 12    XL:     17   Next: 0%
Magic:  14/39      EV: 17    Int: 30    God:    Gozag
Gold:   4215       SH:  0    Dex: 16    Spells: 7/53 levels left

rFire    + . .     SeeInvis .   Q - +1 dagger of Youthful Indiscretion {flame, *Noise +Rage Int+10 Dex+3} (curse)
rCold    . . .     Faith    .   (no shield)
rNeg     + . .     Spirit   .   (armour unavailable)
rPois    +         Reflect  .   (helmet restricted)
rElec    .         Harm     .   k - +2 cloak
rCorr    .                      (no gloves)
MR       ++...                  L - +2 pair of boots {Stlth+}
Stlth    ++++......             C - macabre finger necklace {rN+}
HPRegen  0.31/turn              q - ring of poison resistance
MPRegen  0.26/turn              H - ring of wizardry
                                P - ring "Hiqotek" {rF+ MR+}

@: about to teleport, gold aura
A: breathe steam, unfitting armour, cold-blooded, AC +9
a: Breathe Steam, Potion Petition, Call Merchant, Bribe Branch, Renounce
Religion, Evoke Berserk Rage


You were on level 3 of the Shoals.
You worshipped Gozag.
Gozag was most pleased with you.
You visited 5 branches of the dungeon, and saw 29 of its levels.

You collected 10256 gold pieces.
You spent 3176 gold pieces at shops.
You paid 2865 gold pieces to Gozag.

Inventory:

Hand Weapons
 Q - the cursed +1 dagger of Youthful Indiscretion (weapon) {flame, *Noise +Rage Int+10 Dex+3}
   (You bought it in a shop on level 4 of the Lair of Beasts)

   It has been specially enchanted to burn those struck by it, causing extra
   injury to most foes and up to half again as much damage against particularly
   susceptible opponents.
   It affects your intelligence (+10).
   It affects your dexterity (+3).
   It lets you go berserk.
   It may make noises in combat.
   It has a curse placed upon it.
 Z - a +4 double sword of holy wrath
Missiles
 y - 5 throwing nets (quivered)
Armour
 k - a +2 cloak (worn)
 l - a +0 kite shield
 L - a +2 pair of boots of stealth (worn)
 N - a +4 tower shield of reflection
Magical Staves
 t - an uncursed staff of air
 S - an uncursed staff of fire
Jewellery
 h - an uncursed ring of see invisible
 q - a ring of poison resistance (left hand)
 C - the macabre finger necklace (around neck) {rN+}
   (You bought it in a shop on level 12 of the Dungeon)

   [amulet of nothing]

   It protects you from negative energy.
 H - a ring of wizardry (right hand)
 O - an uncursed ring of positive energy
 P - the ring "Hiqotek" (on amulet) {rF+ MR+}
   (You acquired it on level 1 of the Shoals)

   [ring of protection from magic]

   It protects you from fire.
   It affects your resistance to hostile enchantments.
 Y - the ring of Descent {rElec Str+6}
   (You found it on level 2 of the Shoals)

   [ring of strength]

   It affects your strength (+6).
   It insulates you from electricity.
Wands
 g - a wand of disintegration (32)
 m - a wand of iceblast (18)
 p - a wand of paralysis (21)
 s - a wand of random effects (22)
 u - a wand of polymorph (21)
 v - a wand of enslavement (6)
 T - a wand of flame (14)
Scrolls
 b - 5 scrolls of remove curse
 c - 4 scrolls of enchant weapon
 d - 5 scrolls of teleportation
 f - 4 scrolls of amnesia
 i - 3 scrolls of fog
 r - 3 scrolls of summoning
 A - 4 scrolls of identify
 I - a scroll of magic mapping
 U - a scroll of torment
Potions
 a - 5 potions of brilliance
 e - a potion of invisibility
 j - a potion of resistance
 n - 2 potions of heal wounds
 z - a potion of might
 B - a potion of cancellation
 D - a potion of berserk rage
 E - 2 potions of haste
 F - 2 potions of mutation
 J - 8 potions of ambrosia
 K - 5 potions of curing
Miscellaneous
 o - a phantom mirror
 x - a condenser vane (2/2)
 R - a tin of tremorstones (3/3)


   Skills:
 - Level 6.1 Fighting
 - Level 2.3 Long Blades
   Level 0.6 Maces & Flails
 - Level 7.3 Dodging
 - Level 6.2 Stealth
 - Level 1.0 Shields
 - Level 0.2 Unarmed Combat
 + Level 18.8 Spellcasting
 - Level 1.8 Conjurations
 - Level 4.6 Transmutations
 - Level 12.5 Fire Magic
 - Level 8.6 Air Magic
 - Level 9.8 Poison Magic
 - Level 10.0 Evocations


You had 7 spell levels left.
You knew the following spells:

 Your Spells              Type           Power        Failure   Level
a - Ignition              Fire           #######...   22%         8
b - Poisonous Vapours     Pois/Air       ######       1%          2
c - Ignite Poison         Fire/Tmut/Pois ######..     1%          3
d - Olgreb's Toxic Radia  Pois           ######..     1%          4
e - Tukima's Dance        Hex            ####....     1%          3
f - Mephitic Cloud        Conj/Pois/Air  ######..     1%          3
g - Airstrike             Air            ######....   1%          4
h - Lightning Bolt        Conj/Air       ######....   1%          5
i - Fireball              Conj/Fire      ######....   1%          5
j - Petrify               Tmut/Erth      #####...     2%          4
k - Lee's Rapid Deconstr  Erth           ####......   16%         5

Your spell library contained the following spells:

 Spells                   Type           Power        Failure   Level
 Apportation              Tloc           ####..       1%          1
 Foxfire                  Conj/Fire      ####         1%          1
 Sandblast                Erth           ####..       1%          1
 Shock                    Conj/Air       ####         1%          1
 Sting                    Tmut/Pois      ####         1%          1
 Passwall                 Tmut/Erth      #####...     1%          2
 Swiftness                Air            ######..     1%          2
 Conjure Flame            Conj/Fire      ######..     1%          3
 Inner Flame              Hex/Fire       ######..     1%          3
 Lesser Beckoning         Tloc           ####......   1%          3
 Static Discharge         Conj/Air       ######..     1%          3
 Stone Arrow              Conj/Erth      ####..       1%          3
 Sticky Flame             Conj/Fire      ######..     1%          4
 Alistair's Intoxication  Tmut/Pois      ######...    1%          5
 Starburst                Conj/Fire      ######....   4%          6
 Invisibility             Hex            ####....     61%         6


Dungeon Overview and Level Annotations

Branches:
Dungeon (15/15)            Temple (0/1) D:5            Lair (6/6) D:8
 Shoals (3/4) Lair:2       Spider (3/4) Lair:4        Slime (0/5) Lair:5
    Orc (2/2) D:9             Elf (0/3) Orc:2        Vaults (0/5) D:14
 Depths: D:15

Altars:
Fedhas
Gozag
Makhleb
Nemelex Xobeh
Qazlal
Sif Muna
Trog
Uskayaw
Vehumet
Wu Jian
Jiyva

Shops:
D:11 [   D:12 (=   Orc:2 [!=?[   Lair:4 (   Lair:6 (

Annotations:
Spider:2 Aizul


Innate Abilities, Weirdness & Mutations

You can breathe blasts of scalding, opaque steam.
Your pale cyan-grey scales are hard. (AC +9)
You cannot fit into any form of body armour.
You are cold-blooded and may be slowed by cold attacks.


Message History

Unknown command.
Casting: Mephitic Cloud (safe; 1% risk of failure)
Confirm with . or Enter, or press ? or * to list all spells.
You ignite the poison in your surroundings!
The faun seems to burn from within!!
You kill the faun!
You have reached level 17!
The merfolk javelineer seems to burn from within!!!
The merfolk javelineer is severely wounded.
The satyr seems to burn from within!!
The satyr is heavily wounded.
The satyr shoots an arrow.
The arrow hits you!!
* * * LOW HITPOINT WARNING * * *
An elephant comes into view.
The merfolk javelineer is engulfed in blazing flames.
Unknown command.
As you read the scroll of teleportation, it crumbles to dust.
You feel strangely unstable.
The satyr shoots an arrow.
The arrow hits you!!
You die...
Your body crumbles into a pile of gold.

#≈≈....##..##..≈≈≈≈ #
#≈≈≈≈≈≈........≈≈≈≈ ≈#'
#≈≈≈≈≈≈≈.≈....(≈≈≈≈ ...#
#≈≈≈≈≈≈)≈≈≈≈≈≈≈≈≈≈≈
#.m☼###≈≈≈≈..≈≈≈≈≈≈≈≈≈≈≈
Y.☼☼°.##≈≈≈≈≈≈≈≈≈≈≈≈≈≈≈≈
P#§§.°.###≈≈≈≈≈≈≈≈≈≈≈≈≈≈
≈....$..≈(≈≈≈≈≈≈≈≈≈≈≈≈≈≈
###.$@≈≈≈≈≈≈≈≈≈≈≈≈≈≈≈≈
#.....≈(≈≈≈≈≈≈≈≈≈≈≈.#.
#.........(≈≈≈≈≈≈≈≈≈.##.
.....####.≈≈≈≈≈≈≈≈≈≈≈...
...$c #..≈≈≈≈≈≈≈≈≈≈≈..
.... #.≈≈≈≈≈≈≈≈≈≈≈≈≈.
... ..≈≈≈≈≈≈≈≈≈≈≈≈≈≈ ...
.≈≈≈≈≈≈≈≈≈≈≈≈≈≈
≈≈≈≈≈≈≈≈≈≈≈≈≈≈


You could see a merfolk javelineer (confused), an elephant and a satyr.

Vanquished Creatures
  Saint Roka (Orc:2)
  Polyphemus (Shoals:2)
  Donald (Shoals:2)
  Ilsuiw (Shoals:2)
  A ghost moth (Spider:1)
  2 emperor scorpions (Spider:1)
  4 entropy weavers
  Azrael (D:14)
  3 merfolk javelineers
  5 merfolk impalers
  Snorg (Lair:4)
  A fire dragon (Lair:6)
  Fannar (D:10)
  3 vault guards (D:14)
  10 hydras
  4 merfolk avatars
  A catoblepas (Shoals:2)
  3 merfolk aquamancers
  3 alligator snapping turtles (Shoals:3)
  A centaur warrior (D:13)
  7 two-headed ogres
  3 satyrs
  A queen ant (D:12)
  3 death yaks (Shoals:2)
  A tengu warrior (D:13)
  An ogre mage (D:14)
  Sonja (Orc:2)
  6 orc high priests
  A fire crab (Lair:5)
  5 sea snakes
  A wizard (D:14)
  A lindwurm (Lair:6)
  10 orc knights
  3 orb spiders (Spider:1)
  3 oklob plants (Lair:1)
  2 ugly things (D:13)
  5 manticores
  16 fauns
  11 wolf spiders
  5 cyclopes
  2 orc sorcerers
  16 merfolk sirens
  Maurice (D:9)
  A centaur zombie (D:13)
  4 black mambas
  An ice statue (D:14)
  2 molten gargoyles (Lair:6)
  5 water nymphs
  A torpor snail (Lair:6)
  3 rime drakes
  14 komodo dragons
  A kobold demonologist (D:11)
  10 cane toads
  Maggie (D:6)
  2 demonic crawlers (Spider:1)
  A tengu conjurer (D:14)
  5 trolls
  2 efreet
  A redback zombie (D:14)
  18 merfolk
  A meliai (Shoals:3)
  A queen bee (Lair:3)
  4 wind drakes
  Grinder (D:5)
  6 jumping spiders
  A hornet (Spider:1)
  6 blink frogs
  9 hippogriffs
  3 slime creatures (D:5)
  5 snapping turtles
  5 dream sheep
  23 redbacks
  A shadow (D:10)
  12 tarantellas
  5 wyverns
  5 fire elementals (D:14)
  Sigmund (D:6)
  7 water elementals
  2 wraiths
  2 humans (D:14)
  27 yaks
  5 basilisks
  4 steam dragons
  2 vampire mosquitoes
  A warg (shapeshifter) (D:13)
  4 wargs
  An acid dragon (D:15)
  Edmund (D:4)
  A dancing weapon (Orc:2)
  25 soldier ants
  14 water moccasins
  6 hell hounds
  4 porcupines
  3 sky beasts
  43 orc warriors
  An eye of draining (D:9)
  2 phantoms
  A necrophage (D:13)
  2 ice beasts
  13 ogres
  A black bear (D:13)
  5 wolves (Lair:4)
  13 centaurs
  12 crocodiles
  15 big kobolds
  13 bullfrogs
  A gnoll sergeant (D:9)
  A wyvern zombie (D:13)
  5 scorpions
  49 killer bees
  3 wights (D:7)
  2 electric eels (Lair:2)
  5 howler monkeys
  4 lava snakes (Lair:6)
  A bullfrog zombie (D:13)
  8 hounds
  Crazy Yiuf (D:6)
  A bullfrog skeleton (D:5)
  4 iguanas
  7 jellies
  28 orc priests
  29 orc wizards
  5 centaur skeletons
  Ijyb (D:3)
  26 worker ants
  5 hell rats (Lair:6)
  A statue (D:7)
  A hound zombie (D:6)
  A hound skeleton (D:4)
  A howler monkey zombie (D:9)
  8 gnolls
  4 worker ant zombies
  A howler monkey skeleton (D:7)
  13 adders
  2 shadow imps
  7 oozes
  An adder skeleton (D:4)
  3 worms
  6 dart slugs
  7 leopard geckos
  104 orcs
  4 ball pythons
  7 bats
  5 giant cockroaches
  9 goblins
  6 hobgoblins
  11 jackals
  14 kobolds
  4 quokkas
  2 frilled lizards
  A jackal skeleton (D:5)
  A leopard gecko skeleton (D:6)
  12 rats
966 creatures vanquished.

Vanquished Creatures (collateral kills)
  A centaur skeleton (D:14)
  A merfolk (Shoals:1)
  A vampire mosquito (D:14)
  2 orc warriors (Orc:2)
5 creatures vanquished.

Vanquished Creatures (others)
  A merfolk javelineer (Shoals:1)
  3 dancing weapons (Orc:2)
  An orc warrior (D:14)
  40 fungi
  115 plants
  25 tentacles (Shoals:1)
  6 toadstools (D:5)
191 creatures vanquished.

Grand Total: 1162 creatures vanquished

Notes
Turn   | Place    | Note
-------+----------+-------------------------------------------
     0 | D:1      | Lugonue the Draconian Venom Mage began the quest for the
                  | Orb.
     0 | D:1      | Reached XP level 1. HP: 14/14 MP: 3/3
     6 | D:1      | Noticed an electric eel
   343 | D:1      | Reached XP level 2. HP: 19/20 MP: 0/5
  1193 | D:1      | Reached XP level 3. HP: 18/26 MP: 6/6
  1960 | D:2      | Learned a level 2 spell: Poisonous Vapours
  2578 | D:2      | Reached XP level 4. HP: 34/34 MP: 4/7
  2853 | D:3      | Noticed Ijyb
  2855 | D:3      | Paralysed by Ijyb for 7 turns
  2863 | D:3      | Paralysed by Ijyb for 5 turns
  2868 | D:3      | Killed Ijyb
  3457 | D:3      | Found a sparkling altar of Nemelex Xobeh.
  3556 | D:3      | Found an ornate altar of the Wu Jian Council.
  3667 | D:3      | Reached skill level 1 in Fighting
  3667 | D:3      | Reached XP level 5. HP: 40/40 MP: 1/9
  3676 | D:3      | Reached skill level 3 in Spellcasting
  4241 | D:3      | Found a blossoming altar of Fedhas.
  4535 | D:3      | Found a stormy altar of Qazlal.
  4540 | D:3      | Learned a level 3 spell: Ignite Poison
  4637 | D:4      | Reached skill level 1 in Air Magic
  4758 | D:4      | Reached XP level 6. HP: 42/47 MP: 7/11
  5059 | D:4      | Noticed Edmund
  5087 | D:4      | Killed Edmund
  5181 | D:4      | Noticed a hippogriff
  5193 | D:4      | Killed a hippogriff
  5193 | D:4      | Reached skill level 4 in Spellcasting
  5193 | D:4      | Your scales start taking on a pale cyan-grey colour.
  5193 | D:4      | Reached XP level 7. HP: 55/55 MP: 2/13
  5276 | D:4      | Found a hide-covered altar of Uskayaw.
  5485 | D:5      | Entered Level 5 of the Dungeon
  5531 | D:5      | Found a staircase to the Ecumenical Temple.
  5824 | D:5      | Found a bloodstained altar of Trog.
  5903 | D:5      | Reached skill level 5 in Poison Magic
  5965 | D:5      | Reached skill level 1 in Evocations
  5965 | D:5      | Reached XP level 8. HP: 52/62 MP: 14/14
  6113 | D:5      | Noticed Grinder
  6132 | D:5      | Killed Grinder
  6309 | D:5      | Noticed a slime creature
  6310 | D:5      | Noticed a slime creature
  6310 | D:5      | Noticed a slime creature
  6325 | D:5      | HP: 3/63 [slime creature (20)]
  6340 | D:5      | Killed a slime creature
  6340 | D:5      | Reached skill level 5 in Spellcasting
  6548 | D:5      | Killed a slime creature
  6596 | D:5      | Killed a slime creature
  6596 | D:5      | Reached skill level 1 in Fire Magic
  6596 | D:5      | Reached XP level 9. HP: 58/70 MP: 17/17
  6786 | D:6      | Learned a level 4 spell: Olgreb's Toxic Radiance
  6790 | D:6      | Learned a level 3 spell: Tukima's Dance
  6966 | D:6      | Noticed Sigmund
  6971 | D:6      | Killed Sigmund
  7321 | D:6      | Found a runed translucent door.
  7322 | D:6      | Noticed Crazy Yiuf
  7381 | D:6      | Noticed Maggie
  7391 | D:6      | Killed Maggie
  7455 | D:6      | Learned a level 3 spell: Mephitic Cloud
  7462 | D:6      | Killed Crazy Yiuf
  7472 | D:6      | Got a jewelled mace
  7473 | D:6      | Identified the +5 mace of Compound Interest {protect,
                  | Int+4} (You found it on level 6 of the Dungeon)
  7876 | D:7      | Found a radiant altar of Vehumet.
  7883 | D:7      | Reached skill level 5 in Evocations
  8000 | D:7      | Reached skill level 6 in Spellcasting
  8044 | D:7      | Found a burning altar of Makhleb.
  8106 | D:7      | Reached skill level 1 in Long Blades
  8332 | D:7      | Reached XP level 10. HP: 74/78 MP: 19/19
  8709 | D:8      | Found an opulent altar of Gozag.
  8718 | D:8      | Became a worshipper of Gozag Ym Sagoz the Greedy
  9130 | D:8      | Reached skill level 5 in Dodging
  9130 | D:8      | Reached skill level 7 in Spellcasting
  9182 | D:8      | Found a staircase to the Lair.
  9904 | D:9      | Noticed Maurice
  9952 | D:9      | Found a staircase to the Orcish Mines.
 10025 | D:9      | Noticed a two-headed ogre
 10034 | D:9      | Reached XP level 11. HP: 35/85 MP: 5/22
 10034 | D:9      | Killed a two-headed ogre
 10609 | D:9      | Killed Maurice
 10695 | D:9      | Found a shimmering blue altar of Sif Muna.
 10785 | D:10     | Entered Level 10 of the Dungeon
 10816 | D:10     | Noticed Fannar
 10826 | D:10     | Killed Fannar
 10826 | D:10     | Reached skill level 8 in Spellcasting
 11426 | D:10     | Noticed a two-headed ogre
 11431 | D:10     | Killed a two-headed ogre
 11893 | D:11     | Learned a level 4 spell: Airstrike
 11899 | D:11     | Learned a level 5 spell: Lightning Bolt
 11986 | D:11     | You fall into a shaft and drop 2 floors!
 11989 | D:13     | Noticed a four-headed hydra
 11993 | D:13     | Noticed a two-headed ogre
 11994 | D:13     | Noticed a two-headed ogre
 11996 | D:13     | Noticed a centaur warrior
 12061 | D:14     | Noticed a wizard
 12066 | D:14     | Killed a wizard
 12097 | D:13     | Noticed an eight-headed hydra
 12099 | D:13     | Noticed a two-headed ogre
 12174 | D:12     | Killed a four-headed hydra
 12193 | D:12     | Reached skill level 5 in Fighting
 12384 | D:12     | Noticed an entropy weaver
 12391 | D:12     | Killed an entropy weaver
 12391 | D:12     | Reached skill level 9 in Spellcasting
 12391 | D:12     | Reached XP level 12. HP: 89/94 MP: 9/25
 12408 | D:12     | Noticed an entropy weaver
 12418 | D:12     | Killed an entropy weaver
 12424 | D:12     | You fall into a shaft and drop 1 floor!
 12906 | D:11     | Noticed an eight-headed hydra
 12912 | D:11     | Killed an eight-headed hydra
 12912 | D:11     | Reached skill level 5 in Air Magic
 13407 | D:11     | Bought a pair of glowing boots for 210 gold pieces
 13416 | D:11     | Bought a runed tower shield for 210 gold pieces
 13630 | D:12     | Noticed a queen ant
 13632 | D:12     | Reached skill level 10 in Evocations
 13637 | D:12     | Killed a queen ant
 13990 | D:12     | Reached skill level 1 in Shields
 14122 | D:12     | Reached skill level 10 in Spellcasting
 14240 | D:12     | Reached skill level 5 in Stealth
 14374 | D:12     | Found Mepro's Antique Weapon Boutique.
 14378 | D:12     | Bought a masterwork mace for 248 gold pieces
 14378 | D:12     | Identified the cursed +0 mace "Nuumaarhia" {venom, +Inv
                  | rPois Int-2} (You bought it in a shop on level 12 of the
                  | Dungeon)
 14759 | D:13     | Noticed a tengu warrior
 14784 | D:13     | Reached skill level 1 in Conjurations
 14941 | D:13     | Killed an eight-headed hydra
 14988 | D:13     | Killed a tengu warrior
 15102 | D:13     | Killed a centaur warrior
 15112 | D:13     | Killed a two-headed ogre
 15112 | D:13     | Reached skill level 5 in Fire Magic
 15112 | D:13     | Reached XP level 13. HP: 35/102 MP: 12/27
 16210 | D:14     | Reached skill level 11 in Spellcasting
 16445 | D:12     | Bought the macabre finger necklace {rN+} for 680 gold
                  | pieces
 16445 | D:12     | Found the macabre finger necklace {rN+}
 16844 | D:14     | Noticed Azrael
 17933 | D:14     | Killed Azrael
 18716 | D:14     | Found a gate to the Vaults.
 18860 | D:15     | Entered Level 15 of the Dungeon
 18882 | D:14     | Learned a level 5 spell: Fireball
 19002 | Lair:1   | Entered Level 1 of the Lair of Beasts
 20751 | Lair:2   | Found a staircase to the Shoals.
 21211 | Lair:2   | Reached XP level 14. HP: 110/110 MP: 3/29
 21909 | Lair:2   | Reached skill level 10 in Fire Magic
 22436 | Lair:2   | Found the +8 whip "Snakebite" {curare, rPois}
 24276 | Lair:4   | Found a hole to the Spider Nest.
 25130 | Lair:4   | Bought the cursed +1 dagger of Youthful Indiscretion
                  | {flame, *Noise +Rage Int+10 Dex+3} for 718 gold pieces
 25823 | Lair:4   | Noticed Snorg
 25839 | Lair:4   | Killed Snorg
 26716 | Lair:5   | Found a viscous altar of Jiyva.
 26716 | Lair:5   | Found a staircase to the Slime Pits.
 27076 | Lair:6   | Entered Level 6 of the Lair of Beasts
 27092 | Lair:5   | Reached skill level 12 in Spellcasting
 27722 | Lair:6   | Learned a level 8 spell: Ignition
 28649 | Lair:6   | Reached skill level 13 in Spellcasting
 29545 | Lair:6   | Found a large runed translucent door.
 29545 | Lair:6   | Found a large runed translucent door.
 30239 | Orc:1    | Entered Level 1 of the Orcish Mines
 30610 | Orc:2    | Entered Level 2 of the Orcish Mines
 30610 | Orc:2    | Noticed Sonja
 30617 | Orc:2    | Killed Sonja
 31137 | Orc:2    | Noticed Saint Roka
 31144 | Orc:2    | Reached XP level 15. HP: 80/115 MP: 19/32
 31152 | Orc:2    | Killed Saint Roka
 31948 | Orc:2    | Found a staircase to the Elven Halls.
 32383 | Orc:2    | Reached skill level 14 in Spellcasting
 34198 | Orc:2    | Found Eshrunyni's Antique Armour Shop.
 34201 | Orc:2    | Found Bogokh's Jewellery Boutique.
 34202 | Orc:2    | Found Nioxy's Magic Scroll Shop.
 34203 | Orc:2    | Found Isuturitz's Distillery.
 34207 | Orc:2    | Bought an uncursed ring of wizardry for 420 gold pieces
 34207 | Orc:2    | Bought an uncursed ring of wizardry for 420 gold pieces
 34223 | Orc:2    | Bought a potion of haste for 100 gold pieces
 34223 | Orc:2    | Bought a potion of magic for 80 gold pieces
 34223 | Orc:2    | Bought a potion of curing for 30 gold pieces
 34223 | Orc:2    | Bought 2 potions of curing for 60 gold pieces
 34266 | Orc:2    | Found Fyqoixt's Armour Boutique.
 34503 | Spider:1 | Entered Level 1 of the Spider Nest
 34517 | Spider:1 | Noticed a ghost moth
 34518 | Spider:1 | Killed a ghost moth
 35060 | Spider:1 | Reached skill level 15 in Spellcasting
 36473 | Spider:1 | Got a jewelled long sword
 36517 | Spider:1 | Identified the +9 long sword "Xeinih" {vorpal, Str+3} (You
                  | found it on level 1 of the Spider Nest)
 37221 | Spider:2 | Reached skill level 16 in Spellcasting
 37380 | Spider:2 | Noticed Aizul
 37537 | Spider:1 | Learned a level 4 spell: Petrify
 37544 | Spider:1 | Learned a level 5 spell: Lee's Rapid Deconstruction
 38839 | Shoals:1 | Entered Level 1 of the Shoals
 39172 | Shoals:1 | Reached XP level 16. HP: 82/122 MP: 22/36
 39329 | Shoals:1 | Identified a scroll of acquirement
 39329 | Shoals:1 | Acquired the ring "Hiqotek" {rF+ MR+}
 39791 | Shoals:1 | Noticed a kraken
 41107 | Shoals:2 | Reached skill level 17 in Spellcasting
 41554 | Shoals:1 | Noticed a kraken
 41832 | Shoals:2 | Noticed Donald
 41841 | Shoals:2 | Killed Donald
 41856 | Shoals:2 | Got a translucent granite ring
 41860 | Shoals:2 | Identified the ring of Descent {rElec Str+6} (You found it
                  | on level 2 of the Shoals)
 42294 | Shoals:2 | Noticed Ilsuiw
 42304 | Shoals:2 | Killed Ilsuiw
 43162 | Shoals:2 | Reached skill level 18 in Spellcasting
 43424 | Shoals:2 | Noticed Polyphemus
 43902 | Shoals:2 | Killed Polyphemus
 46581 | Shoals:3 | Reached XP level 17. HP: 46/128 MP: 13/39
 46582 | Shoals:3 | Shot with an arrow by a satyr

Illustrated notes

Levels and vault maps discovered:
D:1:      arrival_aquarium_a, layout_basic, minmay_misc_feat_square
D:2:      layout_basic, chequers_serial_rivers_small_a
D:3:      layout_loops_cross, marbit_many_paths, fedhas_altar_2,
          nicolae_qazlal_eye_of_the_storm, nemelex_xobeh_ov_fountains_minmay,
          bh_walls_and_bars, uniq_ijyb
D:4:      layout_rooms, eat_drink_and_be_merry_uskayaw, uniq_edmund
D:5:      cheibrodos_fertilizer, layout_basic, kennysheep_little_box,
          minmay_temple_entry_ruins, uniq_grinder
D:6:      layout_loops_ring, hangedman_abyss_or_decor_stagger,
          uniq_crazy_yiuf_cottage, uniq_sigmund, uniq_maggie
D:7:      layout_basic, vehumet_statue, lightli_temple_of_fire
D:8:      layout_cave_pools, nicolae_gozag_seed_capital,
          erik_lair_orcish_takeover
D:9:      layout_loops_ring, tgw_sif, orc_0_dummy, uniq_maurice
D:10:     minmay_goldmine, layout_irregular_city, st_stairs_14, uniq_fannar
D:11:     layout_grid_maze, special_room [special_room_kobold],
          hangedman_abyss_or_decor_clamps, hangedman_decor_riveting
D:12:     layout_cave_pools, serial_shops, shop, minivault_29
D:13:     layout_cave_pools, drop_trap, st_stairs_10
D:14:     lemuel_ice_statue, layout_basic, grunt_vaults_entry_fortified,
          nicolae_benzene_ring, uniq_azrael
D:15:     grunt_enter_depths_magical_seal, layout_loops_ring,
          minmay_strange_pillars, trog_ov_bears_minmay, uniq_louise,
          uniq_josephine
Lair:1:   layout_roguey, minmay_lair_oklob_chamber, grunt_megastairs_4,
          infiniplex_staircase_pool
Lair:2:   minmay_guarded_unrand_snakebite, layout_loops_ring,
          minmay_shoals_entry_beasts, serial_bayou_ford_a, serial_bayou_shore_a
Lair:3:   layout_roguey, special_room [special_room_bee], lemuel_fruit_fields
Lair:4:   layout_gridlike, spider_nest_entry_rubble, uniq_snorg
Lair:5:   layout_regular_city, slime_altar_1
Lair:6:   cheibrodos_lair_end_hotspot, layout_regular_city
Shoals:1: layout_shoals, st_sunken_temple
Shoals:2: cheibrodos_shoals_satyrical_garden, layout_shoals, uniq_polyphemus,
          uniq_ilsuiw, uniq_donald
Shoals:3: layout_shoals, serial_shops, nicolae_shop_behind_doors,
          regret_index_shoals_crete
Spider:1: layout_chambers
Spider:2: layout_spider_delve, nicolae_spider_shape, uniq_nikola, uniq_aizul
Spider:3: layout_spider_delve
Orc:1:    layout_caves
Orc:2:    st_orc_pillars, layout_diamond_mine, serial_shops,
          nicolae_shop_behind_doors, nicolae_orc_stony_grotto, uniq_saint_roka,
          uniq_sonja

Skill      XL: |  1  2  3  4  5  6  7  8  9 10 11 12 13 14 15 16 |
---------------+-------------------------------------------------+-----
Dodging        | 2 3 4 5 6 7 |  7.3
Stealth        | 2 3 4 5 6 |  6.2
Fighting       | 1 2 3 4 5 6 |  6.1
Spellcasting   | 3 4 5 6 7 9 10 11 13 16 18 | 18.8
Poison Magic   | 4 5 7 8 9 |  9.8
Air Magic      | 1 2 3 4 6 8 |  8.6
Transmutations | 2 3 4 |  4.6
Evocations     | 1 3 5 7 9 10 | 10.0
Fire Magic     | 1 2 3 5 9 12 | 12.5
Long Blades    | 2 |  2.3
Shields        | 1 |  1.0
Conjurations   | 1 |  1.8
Maces & Flails | |  0.6
Unarmed Combat | |  0.2

Action                   |  1- 3 |  4- 6 |  7- 9 | 10-12 | 13-15 | 16-18 || total
-------------------------+-------+-------+-------+-------+-------+-------++-------
Melee: Unarmed           |   169 |     4 |       |    17 |       |       ||   190
       Tailslap          |    15 |    20 |    16 |    35 |    99 |    10 ||   195
       Club              |       |    76 |       |       |       |       ||    76
       Dagger            |       |    71 |    87 |       |   257 |    53 ||   468
       Scimitar          |       |       |    64 |       |       |       ||    64
       Mace              |       |       |     4 |   317 |   170 |       ||   491
Throw: Throwing net      |       |       |       |       |       |     2 ||     2
 Cast: Sting             |    22 |    12 |    21 |     5 |     3 |       ||    63
       Poisonous Vapours |    11 |    37 |    10 |    26 |    24 |    42 ||   150
       Ignite Poison     |       |     1 |     6 |    26 |    68 |    60 ||   161
       Olgreb's Toxic Ra |       |       |    12 |    74 |   177 |    73 ||   336
       Mephitic Cloud    |       |       |     1 |     5 |    33 |    29 ||    68
       Airstrike         |       |       |       |    31 |   249 |    82 ||   362
       Lightning Bolt    |       |       |       |       |    30 |     4 ||    34
       Fireball          |       |       |       |       |     3 |       ||     3
       Petrify           |       |       |       |       |    24 |     4 ||    28
       Tukima's Dance    |       |       |       |       |    15 |       ||    15
       Lee's Rapid Decon |       |       |       |       |     4 |     1 ||     5
       Ignition          |       |       |       |       |       |     3 ||     3
Invok: Call Merchant     |       |       |       |     2 |     2 |       ||     4
 Abil: Breathe Steam     |       |       |    37 |    21 |    15 |     6 ||    79
Evoke: Wand              |       |       |     4 |     7 |    43 |     3 ||    57
       Tin of tremorston |       |       |       |       |     4 |     1 ||     5
       Condenser vane    |       |       |       |       |       |     1 ||     1
  Use: Scroll            |       |       |     8 |    11 |    18 |     9 ||    46
       Potion            |       |       |     1 |    12 |     9 |     4 ||    26
 Stab: Sleeping          |     2 |     2 |     2 |     6 |     1 |       ||    13
       Paralysed         |       |       |     5 |       |     6 |       ||    11
       Distracted        |       |       |       |     3 |     1 |     1 ||     5
       Confused          |       |       |       |       |    10 |     4 ||    14
       Petrified         |       |       |       |       |    10 |       ||    10
Armor: Skin              |    60 |    55 |    60 |   210 |   255 |    24 ||   664
Dodge: Dodged            |   112 |   102 |   111 |   325 |   572 |    69 ||  1291
Block: Tower shield      |       |       |       |     9 |       |       ||     9
       Rpst.: Scimitar   |       |       |    16 |       |       |       ||    16

Table legend: (Time is in decaauts)
 A = Elapsed time spent in this place.
 B = Non-inter-level travel time spent in this place.
 C = Inter-level travel time spent in this place.
 D = Time resting spent in this place.
 E = Time spent auto-exploring this place.
 F = Levels seen in this place.
 G = Mean time per level.
                   A        B        C        D        E       F      G
               +--------+--------+--------+--------+--------+-----+--------+
         Total |  47064 |  45670 |   1394 |   8520 |  29080 |  29 | 1622.9 |
       Dungeon |  19340 |  18718 |    622 |   1648 |  13078 |  15 | 1289.3 |
          Lair |  12239 |  11646 |    593 |   1860 |   8580 |   6 | 2039.8 |
        Shoals |   7977 |   7940 |     37 |   3860 |   2899 |   3 | 2659.0 |
   Spider Nest |   3393 |   3331 |     62 |    248 |   2381 |   3 | 1131.0 |
  Orcish Mines |   4113 |   4034 |     79 |    904 |   2141 |   2 | 2056.5 |
               +--------+--------+--------+--------+--------+-----+--------+

Top non-repeatable levels by time:
Shoals:1: 3377 daAuts
Spider:1: 3129 daAuts
  Lair:4: 2995 daAuts
Shoals:2: 2845 daAuts
  Lair:6: 2839 daAuts
    D:14: 2752 daAuts
   Orc:2: 2293 daAuts
  Lair:2: 2203 daAuts
   Orc:1: 1819 daAuts
     D:3: 1756 daAuts
Shoals:3: 1755 daAuts
  Lair:1: 1703 daAuts
    D:13: 1587 daAuts
    D:12: 1577 daAuts
     D:1: 1563 daAuts
